 Dungeon Crawl Stone Soup version 0.29-a0-416-g83a48905f1 (webtiles) character file.

Game seed: 16939290891256036488

58 YayAnonymity the Poker (level 3, 0/28 HPs)
             Began as a Demonspawn Gladiator on May 17, 2022.
             Slain by Natasha (5 damage)
             ... on level 1 of the Dungeon.
             The game lasted 00:01:53 (1672 turns).

YayAnonymity the Poker (Demonspawn Gladiator)       Turns: 1672, Time: 00:01:54

Health: 0/28       AC:  7    Str: 16    XL:     3   Next: 75%
Magic:  3/3        EV: 12    Int:  9    God:
Gold:   94         SH:  0    Dex: 14    Spells: 2/2 levels left

rFire   . . .      SeeInvis .   a - +0 trident
rCold   . . .      Faith    .   (no shield)
rNeg    . . .      Spirit   .   b - +0 leather armour
rPois   .          Reflect  .   c - +0 helmet
rElec   .          Harm     .   (no cloak)
rCorr   .          Rampage  .   (no gloves)
Will    .....                   f - +0 pair of boots
Stlth   +.........              (no amulet)
HPRegen 0.09/turn               (no ring)
MPRegen 0.08/turn               (no ring)

@: no status effects
A: thin metallic scales 1, powered by pain 1
a: no special abilities


You were on level 1 of the Dungeon.
You visited 1 branch of the dungeon, and saw 2 of its levels.

You collected 94 gold pieces.

Inventory:

Hand Weapons
 a - a +0 trident (weapon)
Missiles
 d - 3 throwing nets (quivered)
 e - a javelin
Armour
 b - a +0 leather armour (worn)
 c - a +0 helmet (worn)
 f - a +0 pair of boots (worn)
Scrolls
 g - 3 scrolls of teleportation {unknown}
 j - a scroll of poison {unknown}
 k - 4 scrolls of identify {unknown}
 l - a scroll of blinking {unknown}
 n - a scroll of magic mapping {unknown}
Potions
 h - 2 potions of invisibility {unknown}
 i - 2 potions of heal wounds {unknown}
 m - 2 potions of attraction {unknown}


   Skills:
 + Level 2.5 Fighting
 * Level 3.4 Polearms
 - Level 1.7 Throwing
 + Level 1.2 Armour
 + Level 3.1 Dodging


You had 2 spell levels left.
You didn't know any spells.
Your spell library contained the following spells:

 Spells                   Type           Power      Damage    Failure   Level
 Ensorcelled Hibernation  Hex/Ice        0%         N/A       58%         2
 Passwall                 Tmut/Erth      0%         N/A       58%         2
 Swiftness                Air            0%         N/A       83%         3


Dungeon Overview and Level Annotations

Branches:
Dungeon (2/15)

Altars:

Annotations:
D:1 Natasha


Innate Abilities, Weirdness & Mutations

You are partially covered in thin metallic scales. (AC +2)
You sometimes gain a little power by taking damage.


Message History

You hit Natasha.
Natasha is lightly wounded.
Natasha casts a spell at you. The magic dart hits you.
The kobold hits you but does no damage. The hobgoblin closely misses you.
You barely miss Natasha.
Natasha is lightly wounded.
Natasha casts a spell.
The kobold hits you with a +0 short sword.
The hobgoblin hits you.
You barely miss Natasha.
Natasha is lightly wounded.
Natasha claws you. The kobold barely misses you.
The hobgoblin completely misses you.
You puncture Natasha!
Natasha is severely wounded.
Natasha casts a spell.
The kobold hits you but does no damage. The hobgoblin closely misses you.
You barely miss Natasha.
Natasha is severely wounded.
Natasha claws you. The kobold hits you but does no damage.
The hobgoblin barely misses you.
You are too injured to fight recklessly!
Natasha closely misses you. The hobgoblin hits you.
The kobold hits you but does no damage.
You climb upwards.
The white imp disappears in a puff of smoke!
The iron imp disappears in a puff of smoke!
There is a stone staircase leading down, spattered with blood here.
You are too injured to fight recklessly!
You are too injured to fight recklessly!
You are too injured to fight recklessly!
You are too injured to fight recklessly!
You barely miss the kobold. Natasha claws you.
* * * LOW HITPOINT WARNING * * *
The kobold hits you with a +0 short sword.
* * * LOW HITPOINT WARNING * * *
The hobgoblin hits you but does no damage.
Natasha claws you.
You die...

#...# ##### #...# #...# ##)..#
#...# .....# #...# .#...### #...#
##...).# ########## #...####
#...#.####........# #......#
#...#...##....K)h.# ##..#...
#######.......÷@..# #.≈.#.#
#####....)g.## #.≈≈##.
####..#..#### #.#≈≈##
#...#....####.#.≈##
#####....#..##...##.##
#PPP#.##.##....#≈≈≈##≈ ######
####≈≈≈##.#..........≈.#≈ .....#
#.+..<..+.####.......≈.≈≈
####.####.##♣.♣##...####....#.≈≈#


You could see Natasha, a hobgoblin and a kobold.

Vanquished Creatures
  Robin (D:1)
  A gnoll (D:1)
  A dart slug (D:1)
  3 ball pythons
  An endoplasm (D:1)
  A giant cockroach (D:1)
  10 goblins
  2 hobgoblins
  3 jackals (D:2)
  2 kobolds
  A quokka (D:1)
  2 bats (D:1)
  A frilled lizard (D:2)
  4 rats (D:1)
33 creatures vanquished.

Notes
Turn   | Place    | Note
-------+----------+-------------------------------------------
     0 | D:1      | YayAnonymity the Demonspawn Gladiator began the quest for
                  | the Orb.
     0 | D:1      | Reached XP level 1. HP: 16/16 MP: 1/1
   360 | D:1      | Gained mutation: You are partially covered in thin metallic
                  | scales. (AC +2) [demonic ancestry]
   360 | D:1      | Reached XP level 2. HP: 19/22 MP: 2/2
   403 | D:1      | Found a faded altar of an unknown god.
  1007 | D:2      | Gained mutation: You sometimes gain a little power by
                  | taking damage. [demonic ancestry]
  1007 | D:2      | Reached XP level 3. HP: 20/28 MP: 3/3
  1118 | D:2      | Reached skill level 1 in Armour
  1123 | D:2      | Noticed Natasha
  1123 | D:2      | Noticed Robin
  1377 | D:1      | Killed Robin
  1672 | D:1      | Slain by Natasha

Illustrated notes

Levels and vault maps discovered:
D:1:      tarquinn_simple_flora_water_e, layout_rooms,
          shapermc_ecumenical_altar_totnotflames, chequers_serial_rivers_small_b
D:2:      layout_rooms, uniq_natasha, uniq_robin

Skill      XL: |  1  2  3 |
---------------+----------+-----
Polearms       | 3 |  3.4
Dodging        | 3 |  3.1
Armour         | 1 |  1.2
Fighting       | |  2.5
Throwing       | |  1.7

Action                   || total
-------------------------++-------
Melee: Trident           ||   111
Armor: Leather armour    ||    54
Dodge: Dodged            ||   104

Table legend: (Time is in decaauts)
 A = Elapsed time spent in this place.
 B = Non-inter-level travel time spent in this place.
 C = Inter-level travel time spent in this place.
 D = Time resting spent in this place.
 E = Time spent auto-exploring this place.
 F = Levels seen in this place.
 G = Mean time per level.
                   A        B        C        D        E       F      G
               +--------+--------+--------+--------+--------+-----+--------+
         Total |   1692 |   1664 |     28 |    645 |    776 |   2 |  846.0 |
       Dungeon |   1692 |   1664 |     28 |    645 |    776 |   2 |  846.0 |
               +--------+--------+--------+--------+--------+-----+--------+

Top non-repeatable levels by time:
     D:1: 1473 daAuts
     D:2: 218 daAuts
